 Dungeon Crawl Stone Soup version 0.21.1 (webtiles) character file.

67 letownia3 the Conjurer (level 4, 30/30 HPs)
             Began as a Demonspawn Wizard on Feb 4, 2018.
             Was an Initiate of Gozag.
             Quit the game on level 2 of the Dungeon.
             The game lasted 00:03:55 (1553 turns).

letownia3 the Conjurer (Demonspawn Wizard)          Turns: 1553, Time: 00:03:56

Health: 30/30      AC:  5    Str:  9    XL:     4   Next: 0%
Magic:  5/8        EV: 12    Int: 19    God:    Gozag
Gold:   92         SH:  0    Dex: 11    Spells: 2/9 levels left

rFire    . . .     SeeInvis .   l - +0 dagger
rCold    . . .     Gourm    .   (no shield)
rNeg     . . .     Faith    .   a - +0 robe
rPois    .         Spirit   .   b - +0 hat
rElec    .         Reflect  .   h - +0 cloak
rCorr    .         Harm     .   (no gloves)
MR       .....                  (no boots)
Stlth    ++........             t - amulet of magic regeneration
HPRegen  0.10/turn              (no ring)
MPRegen  0.36/turn              (no ring)

@: gold aura
A: talons 1, slimy green scales 1
a: Potion Petition, Call Merchant, Bribe Branch, Renounce Religion


You were on level 2 of the Dungeon.
You worshipped Gozag.
Gozag was noncommittal.
You were hungry.

You visited 1 branch of the dungeon, and saw 3 of its levels.

You collected 133 gold pieces.
You paid 41 gold pieces to Gozag.

Inventory:

Hand Weapons
 l - a +0 dagger (weapon)
 q - a +0 blowgun
Missiles
 e - 18 poisoned needles
 p - 20 bolts
Armour
 a - a +0 robe (worn)
 b - a +0 hat (worn)
 h - a +0 cloak (worn)
 k - a +0 ring mail
 n - a +0 ring mail
Jewellery
 t - an amulet of magic regeneration (around neck)
Scrolls
 i - 5 scrolls of identify {unknown}
 o - a scroll of teleportation {unknown}
 r - a scroll of remove curse {unknown}
 u - a scroll of fog {unknown}
Potions
 f - a potion of invisibility {unknown}
 g - a potion of berserk rage {unknown}
 j - 2 potions of curing {unknown}
 m - a potion of cancellation {unknown}
 s - a potion of brilliance {unknown}
 v - a potion of heal wounds {unknown}
Books
 c - a book of Minor Magic

   Spells                             Type                      Level
   a - Magic Dart                     Conjuration                  1
   b - Blink                          Translocation                2
   c - Call Imp                       Summoning                    2
   d - Slow                           Hexes                        2
   e - Conjure Flame                  Conjuration/Fire             3
   f - Mephitic Cloud                 Conjuration/Poison/Air       3
Comestibles
 d - 3 rations


   Skills:
 - Level 1.7 Dodging
 - Level 1.7 Stealth
 - Level 3.0 Spellcasting
 + Level 3.9 Conjurations
   Level 1.0 Summonings
   Level 0.8 Translocations


You had 2 spell levels left.
You knew the following spells:

 Your Spells              Type           Power        Failure   Level  Hunger
a - Magic Dart            Conj           ###.         3%          1    None
c - Conjure Flame         Conj/Fire      ##......     21%         3    ###....
e - Mephitic Cloud        Conj/Pois/Air  #.......     26%         3    ###....


Dungeon Overview and Level Annotations

Branches:
Dungeon (3/15)

Altars:
Dithmenos
Gozag
Kikubaaqudgha
Uskayaw
Zin


Innate Abilities, Weirdness & Mutations

You have sharp toenails.
You are partially covered in slimy green scales. (AC +2)


Message History

The bat is heavily wounded.
The bat closely misses you.
Casting: Magic Dart
Confirm with . or Enter, or press ? or * to list all spells.
Aiming: Magic Dart
Press: ? - help, Shift-Dir - straight line, f/p - bat
Aim: a bat (heavily wounded)
The magic dart hits the bat.
You kill the bat!
Casting: Magic Dart
Confirm with . or Enter, or press ? or * to list all spells.
Aiming: Magic Dart
Press: ? - help, Shift-Dir - straight line, f - rat
Aim: a rat (resting)
The magic dart hits the rat.
You kill the rat!
You have reached level 4!
You feel stronger.
Your demonic ancestry asserts itself...
Your toenails lengthen and sharpen.
Are you sure you want to abandon this character and quit the game? (Confirm with "yes".)

#...# #...### ....$.#
##.....### ......#
#..###...## ......#
#.## ###..## ......#
#.# ##..## (.....#
####.# ##..##$<....#
.##..# ##..#...(..#
.##.## ##.@# . ..#.#
##....# #.#.#
#########..#.##
#...####.............#
###.##...............#
###....####.####.....#
#...##.##.....##.....#
#.####.#.......#..####
..# #.#.......#..####


There were no monsters in sight!

Vanquished Creatures
  3 adders
  A dart slug (D:2)
  3 leopard geckos
  2 bats
  3 giant cockroaches
  7 goblins
  3 hobgoblins
  4 frilled lizards
  4 kobolds
  A quokka skeleton (D:2)
  4 rats
35 creatures vanquished.

Notes
Turn   | Place    | Note
-------+----------+-------------------------------------------
     0 | D:1      | letownia3 the Demonspawn Wizard began the quest for the Orb.
     0 | D:1      | Reached XP level 1. HP: 13/13 MP: 4/4
   525 | D:1      | Gained mutation: You are partially covered in slimy green scales. (AC +2) [demonic ancestry]
   525 | D:1      | Reached XP level 2. HP: 19/19 MP: 4/6
   664 | D:2      | Found a shadowy altar of Dithmenos.
   867 | D:3      | Found an opulent altar of Gozag.
   867 | D:3      | Found a glowing silver altar of Zin.
   883 | D:3      | Reached XP level 3. HP: 15/24 MP: 0/7
  1244 | D:3      | Became a worshipper of Gozag Ym Sagoz the Greedy
  1259 | D:3      | Learned a level 3 spell: Mephitic Cloud
  1263 | D:3      | Learned a level 3 spell: Conjure Flame
  1321 | D:2      | Found an ancient bone altar of Kikubaaqudgha.
  1382 | D:2      | Found a hide-covered altar of Uskayaw.
  1552 | D:2      | Gained mutation: You have sharp toenails. [demonic ancestry]
  1552 | D:2      | Reached XP level 4. HP: 30/30 MP: 4/8
  1553 | D:2      | Quit the game

Skill      XL: |  1  2 |
---------------+-------+-----
Conjurations   | 2 3 |  3.9
Dodging        | |  1.7
Stealth        | |  1.7
Spellcasting   | |  3.0
Summonings     | |  1.0
Translocations | |  0.8

Action                   |  1- 3 |  4- 6 || total
-------------------------+-------+-------++-------
Melee: Dagger            |    17 |       ||    17
 Cast: Magic Dart        |    70 |     1 ||    71
  Use: Potion            |     1 |       ||     1
  Eat: Chunk             |     1 |       ||     1
Armor: Robe              |     8 |       ||     8
       Skin              |     9 |       ||     9
Dodge: Dodged            |    19 |       ||    19
